 Dungeon Crawl Stone Soup version 0.32-a0-128-g77eb882913 (webtiles) character file.

Game seed: 2685155068705969732

17723 BubbleThief the Fighter (level 12, -4/118 HPs)
             Began as a Naga Cinder Acolyte on Feb 7, 2024.
             Was an Elder of Ignis.
             Killed by divine providence
             ... invoked by a smoke demon
             ... summoned by an obsidian statue
              (17 damage)
             ... in a volcano.
             The game lasted 00:22:24 (13155 turns).

BubbleThief the Fighter (Naga Cinder Acolyte)      Turns: 13155, Time: 00:22:24

Health: -4/118     AC: 20    Str: 16    XL:     12   Next: 51%
Magic:  20/21      EV:  9    Int: 21    God:    Ignis [****..]
Gold:   614        SH:  0    Dex:  8    Spells: 14/23 levels left

rFire   + + +        I - +11 whip of the Slimy God {freeze, Dex+6}
rCold   x . .        (no shield)
rNeg    . . .        H - +2 robe of Higisch {rF+ rCorr Dex-4}
rPois   +            m - +0 helmet
rElec   .            k - +1 cloak
rCorr   +            J - +2 pair of gloves
SInv    +            (no barding)
Will    +....        (no amulet)
Stlth   +            j - ring of protection from fire
HPRegen 0.39/turn    M - ring of fire
MPRegen 0.17/turn

%: no passive effects
@: weakened, spiked, fiery-armoured, mesmerised, invisible, very slow
A: AC +4, large, see invisible, deformed body, poison resistance, slowness 2,
spit poison 1, naga tail 1
a: Spit Poison, Renounce Religion, Fiery Armour, Foxfire Swarm, Rising Flame


You were in a volcano.
You worshipped Ignis.
Ignis was greatly pleased with you.
You visited 2 branches of the dungeon, and saw 12 of its levels.
You also visited: Volcano.

You collected 614 gold pieces.

Inventory:

Hand Weapons
 I - the +11 whip of the Slimy God (weapon) {freeze, Dex+6}
   (You found it on level 6 of the Dungeon)

   Dex+6:     It affects your dexterity (+6).
Missiles
 L - a throwing net
Armour
 a - +0 steam dragon scales
 k - a +1 cloak (worn)
 m - a +0 helmet (worn)
 r - the +3 hat of Pondering {ponderous, Will+ MP+10 Int+5}
   (You took it off Gastronok on level 8 of the Dungeon)

   Int+5:     It affects your intelligence (+5).
   Will+:     It increases your willpower.
   MP+10:     It affects your magic capacity (+10).
 C - a +1 leather armour of cold resistance
 H - the +2 robe of Higisch (worn) {rF+ rCorr Dex-4}
   (You found it on level 7 of the Dungeon)

   Dex-4:     It affects your dexterity (-4).
   rF+:       It protects you from fire.
   rCorr:     It protects you from acid and corrosion.
 J - a +2 pair of gloves (worn)
Jewellery
 j - a ring of protection from fire (left hand)
 w - a ring of protection from cold
 G - a +5 ring of evasion
 M - a ring of fire (right hand)
Wands
 d - a wand of charming (4)
 l - a wand of flame (34)
 A - a wand of polymorph (20)
 E - a wand of iceblast (10)
 K - a wand of mindburst (14)
Scrolls
 e - a scroll of butterflies
 g - a scroll of poison
 h - 3 scrolls of teleportation
 q - 5 scrolls of identify
 s - a scroll of blinking {unknown}
 t - a scroll of silence {unknown}
 y - a scroll of amnesia {unknown}
 z - a scroll of fog {unknown}
 N - a scroll of enchant weapon
 O - a scroll of enchant armour {unknown}
Potions
 b - 2 potions of might
 c - a potion of curing
 f - a potion of attraction
 n - 2 potions of brilliance
 o - 2 potions of heal wounds
 p - 3 potions of enlightenment
 u - a potion of lignification
 v - a potion of resistance
 x - a potion of mutation
 B - 3 potions of haste
 F - a potion of magic {unknown}
 P - a potion of cancellation {unknown}


   Skills:
 + Level 10.9 Fighting
 + Level 10.9 Maces & Flails
 - Level 6.0 Spellcasting
 - Level 6.0 Conjurations
 - Level 10.0 Fire Magic
 - Level 6.3 Alchemy


You had 14 spell levels left.
You knew the following spells:

 Your Spells              Type           Power      Damage    Failure   Level
a - Scorch                Fire           100%       2d9       1%          2
b - Mephitic Cloud        Conj/Alch/Air  23%        N/A       5%          3
c - Flame Wave            Conj/Fire      56%        2d13      3%          4

Your spell library contained the following spells:

 Spells                   Type           Power      Damage    Failure   Level
 Magic Dart               Conj           100%       1d8       1%          1
 Searing Ray              Conj           62%        2d6       1%          2
 Mercury Vapours          Alch/Air       38%        N/A       4%          2
 Fulminant Prism          Conj/Alch      16%        3d10      8%          4
 Hailstorm                Conj/Ice       18%        3d7       9%          3
 Freeze                   Ice            24%        1d4       10%         1
 Slow                     Hex            24%        N/A       10%         1
 Confusing Touch          Hex            6%         N/A       28%         3
 Frozen Ramparts          Ice            12%        1d2       28%         3
 Sigil of Binding         Hex            6%         N/A       28%         3
 Vampiric Draining        Necr           6%         2d6       28%         3
 Freezing Cloud           Conj/Ice/Air   7%         6-21      75%         5
 Summon Cactus Giant      Summ           3%         N/A       100%        6


Dungeon Overview and Level Annotations

Branches:
Dungeon (10/15)            Temple (0/1) D:6            Lair (2/5) D:8
  Swamp (0/4) Lair:2       Spider (0/4) Lair:2      Volcano (1/1)
    Orc: D:9-12

Altars:
Ashenzari
Dithmenos
Gozag
Hepliaklqana
Okawaru
Qazlal
Sif Muna
Trog
Uskayaw
Yredelemnul
The Shining One

Shops:
D:4 (   D:8 :

Annotations:
Volcano exclusion: obsidian statue


Innate Abilities, Weirdness & Mutations

Your serpentine skin is tough. (AC +4)
You have supernaturally acute eyesight. (SInv)
Armour fits poorly on your strangely shaped body.
Your system is resistant to poisons. (rPois)
You cover ground very slowly.
You can spit poison.
You have a snake-like lower body.


Message History

* * * LOW HITPOINT WARNING * * *
The hell hound completely resists.
Unknown command.
You feel much better.
The fire bat flutters around in erratic circles.
The smoke demon gestures at you.
The ball of steam hits the red devil.
The red devil resists.
The ball of steam misses you.
The ball of steam hits the hell hound.
The hell hound resists.
The ball of steam hits the fire bat.
The fire bat resists.
The orange demon stings you but does no damage.
The orange demon is burned by your cloak of flames.
The orange demon is almost dead.
The orange demon barely misses you.
The hell hound bites you but does no damage.
The hell hound completely resists.
The fire bat bites the hell hound.
The hell hound is engulfed in flames.
The hell hound completely resists.
The hell hog bites the iron imp.
The hell hog bites itself!!
The red devil hits you with a +2 trident of venom!
* * * LOW HITPOINT WARNING * * *
Barbed spikes become lodged in your body.
You are lethally poisoned!
The red devil completely resists.
Unknown command.
Okay, then.
You feel better.
The fire bat bites the hell hound but does no damage.
The hell hound bites you but does no damage.
The red devil hits you but does no damage.
The red devil completely resists.
The hell hound bites you!
* * * LOW HITPOINT WARNING * * *
The hell hound completely resists.
Unknown command.
You hit the obsidian statue but do no damage.
The obsidian statue is severely damaged.
The hell hog bites the obsidian statue!
The fire bat bites itself.
The smoke demon gestures at you. Something smites you!
You die...
Ignis goes out, and joins you in death.

§≈§≈≈≈..### #.####.####
≈≈§≈≈....ß###.#ß☼°.####
≈§≈§≈.......'.####.○☼ß#
≈≈≈§.....ß#####ß°°○####
§§≈§...#### ####.#
....#### ###.## #####
##...# #.b#######
#§4@4§!).# #h.tI53!∩#
##$h.[!)## ########


You could see an obsidian statue (mesmerising), a hell hog (confused, unable to
see you), a fire crab (unable to see you), an orange demon (summoned, unable to
see you), a smoke demon (summoned, unable to see you), a red devil (summoned,
unable to see you), a hell hound, a fire bat (confused) and an iron imp
(summoned, unable to see you).

Vanquished Creatures
  Gastronok (D:8)
  Sonja (Lair:1)
  Pikel (D:4)
  A manticore (D:9)
  An elephant (D:8)
  2 black mambas (Lair:1)
  2 cane toads (Lair:1)
  Jeremiah (D:7)
  A komodo dragon (Lair:1)
  2 trolls (D:9)
  3 blink frogs (Lair:1)
  A vampire (D:7)
  Sigmund (D:2)
  4 wyverns
  17 yaks
  Eustachio (D:4)
  15 fire bats
  A basilisk (D:8)
  6 steam dragons
  Edmund (D:5)
  An acid dragon (D:10)
  7 water moccasins
  Duvessa (D:4)
  2 orc warriors
  4 black bears
  3 ice beasts
  2 sky beasts
  5 centaurs
  3 phantoms
  3 kobold brigands
  9 bullfrogs
  A gnoll sergeant (D:7)
  2 scorpions (D:5)
  4 wights (D:9)
  Dowan (D:4)
  10 killer bees
  2 howler monkeys
  3 jellies
  4 lava snakes (Volcano)
  5 orc priests
  3 bombardier beetles
  A gnoll bouda (D:8)
  5 hounds
  Crazy Yiuf (D:2)
  5 iguanas
  Ijyb (D:4)
  8 orc wizards
  Robin (D:2)
  7 adders
  15 gnolls
  2 shadow imps (D:6)
  A white imp (D:7)
  2 dart slugs
  A ribbon worm (D:2)
  33 orcs
  11 ball pythons
  11 bats
  5 endoplasms
  3 giant cockroaches
  18 goblins
  11 hobgoblins
  4 jackals (D:2)
  A quokka (D:4)
  3 frilled lizards
  17 kobolds
  13 rats
318 creatures vanquished.

Vanquished Creatures (others)
  An orc (D:8)
1 creature vanquished.

Grand Total: 319 creatures vanquished

Notes
Turn   | Place    | Note
-------+----------+-------------------------------------------
     0 | D:1      | BubbleThief the Naga Cinder Acolyte began the quest for the
                  | Orb.
     0 | D:1      | Reached XP level 1. HP: 21/21 MP: 2/2
   170 | D:1      | Reached XP level 2. HP: 28/28 MP: 3/3
   274 | D:1      | Learned a level 2 spell: Scorch
   319 | D:1      | Reached XP level 3. HP: 34/34 MP: 2/5
  1066 | D:2      | Reached XP level 4. HP: 42/42 MP: 3/6
  1307 | D:2      | Noticed Sigmund
  1312 | D:2      | Killed Sigmund
  1313 | D:2      | Reached XP level 5. HP: 40/50 MP: 1/9
  1313 | D:2      | Reached XP level 6. HP: 45/57 MP: 1/10
  1347 | D:2      | Noticed Robin
  1527 | D:2      | Found a glowing golden altar of the Shining One.
  1607 | D:2      | Identified the +1 hand axe "Zefraon" {freeze, rPois Will+}
  1629 | D:2      | Killed Robin
  2107 | D:2      | Found a runed translucent door.
  2108 | D:2      | Noticed Crazy Yiuf
  2114 | D:2      | Killed Crazy Yiuf
  2424 | D:3      | Found an iron altar of Okawaru.
  2865 | D:3      | Reached XP level 7. HP: 66/66 MP: 8/11
  3170 | D:4      | Noticed Dowan
  3172 | D:4      | Noticed Duvessa
  3235 | D:4      | Killed Duvessa
  3242 | D:4      | Killed Dowan
  3246 | D:4      | Found Loosanyisy's Weapon Shoppe.
  3361 | D:4      | Found a basalt altar of Yredelemnul.
  3365 | D:4      | Found a hide-covered altar of Uskayaw.
  3373 | D:4      | Reached skill level 5 in Fire Magic
  3374 | D:4      | Reached skill level 5 in Fighting
  3614 | D:4      | Reached skill level 5 in Maces & Flails
  3701 | D:4      | Noticed Ijyb
  3714 | D:4      | Killed Ijyb
  3902 | D:4      | Learned a level 3 spell: Mephitic Cloud
  3916 | D:4      | Found a bloodstained altar of Trog.
  4047 | D:4      | Noticed Eustachio
  4087 | D:4      | Killed Eustachio
  4088 | D:4      | Reached XP level 8. HP: 72/75 MP: 4/14
  4258 | D:5      | Entered Level 5 of the Dungeon
  4264 | D:5      | Noticed Pikel
  4314 | D:4      | Killed Pikel
  4674 | D:5      | Reached XP level 9. HP: 45/82 MP: 4/16
  4677 | D:5      | Reached skill level 5 in Spellcasting
  5492 | D:5      | Noticed Edmund
  5501 | D:5      | Killed Edmund
  6073 | D:6      | Reached skill level 1 in Conjurations
  6227 | D:6      | Found a stormy altar of Qazlal.
  6574 | D:6      | Found a shimmering blue altar of Sif Muna.
  6577 | D:6      | Identified the +11 whip of the Slimy God {freeze, Dex+6}
  6636 | D:6      | Reached skill level 5 in Alchemy
  6715 | D:6      | Found a staircase to the Ecumenical Temple.
  7103 | D:7      | Noticed Jeremiah
  7119 | D:7      | Killed Jeremiah
  7120 | D:7      | Reached XP level 10. HP: 67/94 MP: 17/19
  7417 | D:7      | Identified the +2 robe of Higisch {rF+ rCorr Dex-4}
  7937 | D:7      | Learned a level 4 spell: Flame Wave
  8112 | D:8      | Noticed Gastronok
  8135 | D:8      | HP: 1/96 [orc wizard/magic dart (5)]
  8139 | D:8      | Killed Gastronok
  8357 | D:8      | Found Amylergh's Book Boutique.
  8567 | D:8      | Noticed an elephant
  8593 | D:8      | Killed an elephant
  8594 | D:8      | Reached XP level 11. HP: 89/104 MP: 11/20
  8742 | D:8      | Found a staircase to the Lair.
  9117 | D:9      | Noticed a manticore
  9124 | D:9      | Killed a manticore
  9125 | D:9      | Reached skill level 5 in Conjurations
  9240 | D:9      | Found an opulent altar of Gozag.
  9594 | D:9      | Found a broken altar of Ashenzari.
  9753 | D:9      | Found a shadowy altar of Dithmenos.
  9753 | D:9      | Found a hazy altar of Hepliaklqana.
 10304 | D:10     | Entered Level 10 of the Dungeon
 11297 | Lair:1   | Entered Level 1 of the Lair of Beasts
 11728 | Lair:1   | Noticed Sonja
 11731 | Lair:1   | Killed Sonja
 11742 | Lair:1   | Reached skill level 10 in Fighting
 11742 | Lair:1   | Reached XP level 12. HP: 36/116 MP: 7/21
 12081 | Lair:1   | Reached skill level 10 in Maces & Flails
 12939 | Lair:2   | Reached skill level 10 in Fire Magic
 12940 | Lair:2   | Found a dark tunnel.
 12949 | Volcano  | Entered a volcano
 13131 | Volcano  | Found a radiant altar of Vehumet.
 13131 | Volcano  | Noticed a hell hog
 13155 | Volcano  | Killed from afar by a smoke demon

Illustrated notes

Levels and vault maps discovered:
D:1:      denvon_arrival_planthouse, layout_basic
D:2:      minmay_spotlight, layout_basic, basic_altar, minmay_small_reverse_x,
          uniq_robin, uniq_crazy_yiuf_cottage, uniq_sigmund
D:3:      layout_loops_ring, okawaru_trees_2, serial_glass, glass_columns_a,
          glass_columns_b, eino_tiny_chamber
D:4:      layout_basic, mainiacjoe_overflow_brackets,
          grunt_temple_overflow_open, serial_shops, shop, uniq_ijyb,
          uniq_eustachio, uniq_duvessa
D:5:      layout_loops_corners, uniq_pikel, uniq_edmund
D:6:      layout_cave_pools, nicolae_qazlal_style_of_elements,
          overflow_temple_1_default, minmay_temple_entry_tees, serial_bayou,
          serial_bayou_pond_e, serial_bayou_shore_b, serial_bayou_shore_b,
          serial_bayou_shore_b, minmay_between
D:7:      layout_basic, uniq_jeremiah
D:8:      layout_rooms, david_lair_generic, serial_shops, shop,
          chequers_arboretum, abandoned_shop, uniq_gastronok
D:9:      layout_basic, mainiacjoe_overflow_alcove_4,
          gammafunk_temple_overflow_forgotten, kennysheep_generic_room_8
D:10:     layout_long_grid
Lair:1:   layout_gridlike, chequers_serial_rivers_small_3, uniq_sonja
Lair:2:   layout_regular_city, palyth_hydra_swamp_entry, spider_nest_entry_webs,
          nicolae_volcano_entry_batcave, serial_bayou_pond_d
Volcano:  volcano_grotto [vgs_trial_by_fire]

Skill      XL: |  1  2  3  4  5  6  7  8  9 10 11 12 |
---------------+-------------------------------------+-----
Spellcasting   | 2 3 4 6 |  6.0
Fighting       | 4 5 6 7 8 10 | 10.9
Maces & Flails | 4 5 6 7 8 9 10 | 10.9
Fire Magic     | 4 5 6 7 9 10 | 10.0
Alchemy        | 3 5 6 |  6.3
Conjurations   | 2 4 6 |  6.0

Action                     |  1- 3 |  4- 6 |  7- 9 | 10-12 || total
---------------------------+-------+-------+-------+-------++-------
  Melee: Mace              |    24 |    57 |    24 |       ||   105
         Punch             |     1 |     3 |     1 |    17 ||    22
         Unarmed           |       |       |     7 |       ||     7
         Whip              |       |       |    24 |   326 ||   350
         Flail             |       |       |    21 |       ||    21
   Cast: Scorch            |    12 |    47 |   136 |    79 ||   274
         Mephitic Cloud    |       |       |     1 |     4 ||     5
         Flame Wave        |       |       |       |    19 ||    19
 Invoke: Fiery Armour      |       |     1 |     1 |     2 ||     4
Ability: Spit Poison       |    20 |    24 |    39 |    26 ||   109
  Evoke: Wand              |       |       |     1 |       ||     1
    Use: Potion            |       |       |       |     7 ||     7
         Scroll            |       |       |       |    17 ||    17
   Stab: Confused          |       |       |       |     1 ||     1
 Armour: Robe              |    30 |    70 |    78 |   313 ||   491
         Skin              |       |       |     3 |       ||     3
         Steam dragon scal |       |       |    38 |    21 ||    59
  Dodge: Dodged            |    14 |    48 |    95 |   264 ||   421

Table legend: (Time is in decaauts)
 A = Elapsed time spent in this place.
 B = Non-inter-level travel time spent in this place.
 C = Inter-level travel time spent in this place.
 D = Time resting spent in this place.
 E = Time spent auto-exploring this place.
 F = Levels seen in this place.
 G = Mean time per level.
                   A        B        C        D        E       F      G
               +--------+--------+--------+--------+--------+-----+--------+
         Total |  15781 |  15307 |    474 |    174 |  12878 |  13 | 1213.9 |
       Dungeon |  13645 |  13198 |    447 |    101 |  11294 |  10 | 1364.5 |
          Lair |   1910 |   1883 |     27 |     73 |   1560 |   2 |  955.0 |
       Volcano |    225 |    225 |      0 |      0 |     23 |   1 |  225.0 |
               +--------+--------+--------+--------+--------+-----+--------+

Top non-repeatable levels by time:
  Lair:1: 1839 daAuts
     D:5: 1829 daAuts
     D:9: 1769 daAuts
     D:2: 1663 daAuts
     D:6: 1365 daAuts
     D:4: 1308 daAuts
     D:3: 1294 daAuts
     D:7: 1277 daAuts
    D:10: 1208 daAuts
     D:1: 1003 daAuts
     D:8: 925 daAuts
 Volcano: 225 daAuts
  Lair:2: 70 daAuts
